 Dungeon Crawl Stone Soup version 0.27.1-3-gb3d3a73c9e (webtiles) character file.

Game seed: 8546706726522294393

4157 Elvor the Thaumaturge (level 10, 0/59 HPs)
             Began as a Deep Elf Conjurer on Oct 8, 2021.
             Was a Believer of Vehumet.
             Slain by a troll (5 damage)
             ... on level 7 of the Dungeon.
             The game lasted 00:58:02 (5904 turns).

Elvor the Thaumaturge (Deep Elf Conjurer)           Turns: 5904, Time: 00:58:03

Health: 0/59       AC:  3    Str:  4    XL:     10   Next: 7%
Magic:  20/25      EV:  9    Int: 27    God:    Vehumet [**....]
Gold:   84         SH:  9    Dex: 13    Spells: 24/27 levels left

rFire    . . .     SeeInvis .   B - +0 dagger (venom)
rCold    + . .     Faith    .   a - +2 kite shield
rNeg     . . .     Spirit   .   h - +0 leather armour
rPois    .         Reflect  .   (no helmet)
rElec    .         Harm     .   (no cloak)
rCorr    .         Rampage  .   (no gloves)
Will     +....                  (no boots)
Stlth    +++.......             (no amulet)
HPRegen  0.19/turn              f - ring of protection from cold
MPRegen  0.19/turn              (no ring)

@: no status effects
A: no striking features
a: Renounce Religion


You were on level 7 of the Dungeon.
You worshipped Vehumet.
Vehumet was pleased with you.
You visited 2 branches of the dungeon, and saw 8 of its levels.

You collected 396 gold pieces.
You spent 312 gold pieces at shops.

Inventory:

Hand Weapons
 k - a +0 hunting sling
 B - a +0 dagger of venom (weapon)
Missiles
 b - 100 sling bullets
 c - 197 stones
 z - 2 javelins
 D - 7 boomerangs
 F - 6 poisoned darts
Armour
 a - a +2 kite shield (worn)
 h - a +0 leather armour (worn)
 C - the +5 scale mail of Uskayaw's Vengeance {Str+3}
   (You found it on level 4 of the Dungeon)

   Str:       It affects your strength (+3).
 I - +0 steam dragon scales
Jewellery
 f - a ring of protection from cold (left hand)
Wands
 i - a wand of mindburst (8)
 A - a wand of polymorph (3)
Scrolls
 j - 3 scrolls of enchant weapon
 m - 2 scrolls of immolation
 o - a scroll of magic mapping
 r - a scroll of blinking {unknown}
 u - 6 scrolls of teleportation
 v - a scroll of acquirement {unknown}
 y - a scroll of enchant armour {unknown}
 G - a scroll of holy word {unknown}
 H - a scroll of amnesia {unknown}
Potions
 d - a potion of brilliance
 e - 2 potions of magic
 g - 2 potions of curing
 l - a potion of might
 n - a potion of ambrosia
 p - 2 potions of lignification
 q - a potion of invisibility
 s - a potion of cancellation {unknown}
 t - a potion of haste {unknown}
 w - a potion of flight
 x - a potion of degeneration
 E - a potion of mutation {unknown}


   Skills:
 * Level 5.0 Fighting
 + Level 4.1 Throwing
 + Level 4.4 Armour
 + Level 4.2 Dodging
 + Level 4.8 Stealth
 + Level 2.1 Shields
 + Level 9.4 Spellcasting
 + Level 8.7 Conjurations
 + Level 1.6 Evocations


You had 24 spell levels left.
You knew the following spells:

 Your Spells              Type           Power      Damage    Failure   Level
a - Magic Dart            Conj           100%       1d8       1%          1
b - Searing Ray           Conj           100%       3d7       1%          2

Your spell library contained the following spells:

 Spells                   Type           Power      Damage    Failure   Level
 Static Discharge         Conj/Air       36%        N/A       11%         2
 Foxfire                  Conj/Fire      100%       2x1d9     7%          1
 Conjure Flame            Conj/Fire      36%        6-21      21%         3
 Dazzling Flash           Conj/Hex       72%        N/A       21%         3
 Sting                    Tmut/Pois      48%        1d5       38%         1
 Poisonous Vapours        Pois/Air       24%        N/A       52%         2
 Fulminant Prism          Conj/Hex       18%        3d11      56%         4
 Iskenderun's Mystic Bla  Conj/Tloc      36%        2d9       56%         4
 Inner Flame              Hex/Fire       12%        N/A       77%         3
 Olgreb's Toxic Radiance  Pois           12%        N/A       99%         4


Dungeon Overview and Level Annotations

Branches:
Dungeon (7/15)             Temple (1/1) D:4

Altars:
Ashenzari
Cheibriados
Dithmenos
Elyvilon
Gozag
Hepliaklqana
Kikubaaqudgha
Okawaru
Qazlal
Ru
Uskayaw
Vehumet
Yredelemnul

Shops:
D:1 !   D:5 *

Annotations:
D:6 3 runed translucent doors, qipq's ghost, amateur OpNe


Message History

The searing ray hits the human.
The human is almost dead.
The human hits you with a +0 flail.
The searing ray hits the human!
You kill the human!
Vehumet accepts your kill.
There is an open door, spattered with blood here.
Things that are here:
a +0 flail; a +0 ring mail You now have 84 gold pieces (gained 12).
g - 2 potions of curing (gained 1)
e - 2 potions of magic (gained 1)
There is an open door, spattered with blood here.
Things that are here:
a +0 flail; a +0 ring mail
Found a flail.
Magic restored.
You see here a +0 flail.
HP restored.
A troll comes into view.
Aiming: Searing Ray (safe; 1% risk of failure)
Press: ? - help, Q - select action, (/) - cycle Shift-Dir - straight line, f - troll
Aim: a troll (wandering, hasn't noticed you, 83% to hit)
The searing ray hits the troll!
The troll is moderately wounded.
The troll shouts! (Press . to maintain the ray.)
The searing ray hits the troll.
The troll is moderately wounded.
The searing ray hits the troll!
The troll is heavily wounded.
The troll bites you! The troll claws you! x2
The searing ray hits the troll!
The troll is severely wounded.
You finish channeling your searing ray.
The troll bites you!
* * * LOW HITPOINT WARNING * * *
The troll claws you!
* * * LOW HITPOINT WARNING * * *
The troll claws you.
You die...

#...#
#...#
#.#.#
#...#
#.#.#
#...#
#.#.# ..
#.#.###.
#.#.#..
#.#.#.#
#.#.#T#
#.#.@.#
#.#.###
#...#
#####


You could see a troll.

Vanquished Creatures
  A hydra (D:6)
  Maggie (D:6)
  Sigmund (D:4)
  4 humans (D:7)
  A vampire mosquito (D:5)
  Menkaure (D:4)
  Edmund (D:5)
  2 black bears (D:5)
  3 sky beasts
  2 ogres (D:6)
  A phantom (D:5)
  A bullfrog (D:6)
  10 scorpions
  A gnoll sergeant (D:4)
  A wyvern zombie (D:6)
  A killer bee (D:5)
  A bullfrog zombie (D:6)
  A jelly (D:3)
  A bullfrog skeleton (D:6)
  2 orc priests
  3 hounds
  5 iguanas
  2 centaur skeletons (D:6)
  An orc wizard (D:6)
  A hound zombie (D:5)
  2 hound skeletons (D:4)
  4 gnolls (D:4)
  6 adders
  A worm (D:5)
  8 orcs
  2 bats (D:2)
  4 endoplasms
  9 giant cockroaches
  6 goblins
  6 hobgoblins
  6 kobolds
  2 quokkas
  5 ball pythons
  6 frilled lizards
  3 rats
119 creatures vanquished.

Vanquished Creatures (others)
  2 fungi (D:6)
  5 plants
7 creatures vanquished.

Grand Total: 126 creatures vanquished

Notes
Turn   | Place    | Note
-------+----------+-------------------------------------------
     0 | D:1      | Elvor the Deep Elf Conjurer began the quest for the Orb.
     0 | D:1      | Reached XP level 1. HP: 10/10 MP: 6/6
   456 | D:1      | Reached XP level 2. HP: 15/15 MP: 6/8
   459 | D:1      | Learned a level 2 spell: Searing Ray
   632 | D:1      | Reached skill level 5 in Conjurations
   820 | D:1      | Found Panij's Distillery.
   844 | D:1      | Bought a potion of curing for 39 gold pieces
   844 | D:1      | Bought a potion of heal wounds for 65 gold pieces
   960 | D:1      | Found a faded altar of an unknown god.
  1091 | D:2      | Reached XP level 3. HP: 14/19 MP: 1/9
  1205 | D:2      | Found an iron altar of Okawaru.
  1469 | D:2      | Reached XP level 4. HP: 19/24 MP: 3/11
  1859 | D:3      | Reached skill level 1 in Fighting
  2379 | D:1      | Bought a potion of flight for 39 gold pieces
  2379 | D:1      | Bought a potion of degeneration for 13 gold pieces
  2483 | D:4      | Reached skill level 4 in Spellcasting
  2522 | D:4      | Found a staircase to the Ecumenical Temple.
  2551 | D:4      | Noticed Sigmund
  2554 | Temple   | Entered the Ecumenical Temple
  2635 | Temple   | Became a worshipper of Vehumet
  2838 | D:4      | Reached XP level 5. HP: 26/29 MP: 8/13
  2845 | D:4      | Killed Sigmund
  2846 | D:4      | Reached skill level 1 in Armour
  2846 | D:4      | Reached skill level 5 in Spellcasting
  2846 | D:4      | Reached XP level 6. HP: 32/35 MP: 4/15
  3018 | D:4      | Noticed Menkaure
  3024 | D:4      | Killed Menkaure
  3025 | D:4      | Reached skill level 6 in Spellcasting
  3025 | D:4      | Reached XP level 7. HP: 21/40 MP: 10/18
  3159 | D:4      | Identified the +5 scale mail of Uskayaw's Vengeance {Str+3}
  3249 | D:5      | Entered Level 5 of the Dungeon
  3263 | D:5      | Noticed Edmund
  3506 | D:5      | Killed Edmund
  3507 | D:5      | Reached skill level 1 in Evocations
  3845 | D:5      | Found a runed translucent door.
  3847 | D:5      | Found a runed translucent door.
  3848 | D:5      | Noticed a vampire mosquito
  4052 | D:5      | Reached skill level 7 in Spellcasting
  4052 | D:5      | Reached XP level 8. HP: 4/45 MP: 11/20
  4180 | D:5      | Found Ozeprun's General Store.
  4230 | D:5      | Reached skill level 1 in Shields
  4303 | D:5      | Reached * piety under Vehumet
  4303 | D:5      | Offered knowledge of Freeze by Vehumet.
  4304 | D:5      | Reached skill level 1 in Throwing
  4406 | D:5      | Found an opulent altar of Gozag.
  4511 | D:5      | Found a snail-covered altar of Cheibriados.
  4645 | D:5      | Reached skill level 8 in Spellcasting
  4799 | D:1      | Bought a potion of heal wounds for 65 gold pieces
  4799 | D:1      | Bought a potion of brilliance for 52 gold pieces
  4799 | D:1      | Bought a potion of lignification for 39 gold pieces
  4942 | D:6      | Noticed a seven-headed hydra
  4951 | D:6      | Found an iron altar of Okawaru.
  5044 | D:6      | Reached XP level 9. HP: 44/52 MP: 18/23
  5179 | D:6      | Found a runed translucent gate.
  5179 | D:6      | Found a runed translucent gate.
  5179 | D:6      | Found a runed translucent gate.
  5180 | D:6      | Noticed a kobold demonologist
  5186 | D:6      | Noticed qipq's ghost (amateur OpNe)
  5192 | D:6      | Noticed Maggie
  5214 | D:6      | Killed Maggie
  5364 | D:6      | Offered knowledge of Static Discharge by Vehumet.
  5485 | D:6      | Killed a seven-headed hydra
  5486 | D:6      | Reached skill level 9 in Spellcasting
  5716 | D:7      | Reached ** piety under Vehumet
  5721 | D:7      | Reached XP level 10. HP: 46/58 MP: 16/25
  5732 | D:7      | Reached skill level 5 in Fighting
  5904 | D:7      | Slain by a troll

Illustrated notes

Levels and vault maps discovered:
D:1:      dpeg_arrival_round_b, layout_loops_corners, serial_shops, shop_coins,
          hellmonk_ecumenical_altar_heavens_door, minmay_misc_feat_tower
D:2:      layout_basic, basic_altar, chequers_serial_rivers_micro_b,
          lemuel_another_geyser
D:3:      layout_loops_ring, kennysheep_small_spiral
D:4:      layout_rooms, minmay_temple_entry_butterflies, lightli_minifort,
          uniq_sigmund, uniq_menkaure
D:5:      lemuel_insect_pit, layout_basic, chei_slow_surprise,
          mainiacjoe_overflow_small_starburst, serial_shops,
          nicolae_shop_behind_doors, uniq_edmund
D:6:      layout_basic, okawaru_gym_becter, gammafunk_ghost_nasty_kobolds,
          uniq_maggie
D:7:      layout_loops_ring, mainiacjoe_overflow_boulevard,
          nemelex_dance_club_becter, serial_co_window_serial,
          co_window_corner_a, co_window_corner_a, co_window_corner_a,
          co_window_corner_a, co_window_paths_a, co_window_paths_a,
          co_window_corner_a, co_window_paths_b, co_window_paths_b,
          co_window_of_opportunity_c, co_window_of_opportunity_b,
          co_window_corner_b, co_window_of_opportunity_b, co_window_paths_d,
          glass_columns_a, glass_columns_a, glass_columns_a, glass_columns_b,
          minmay_ruffians, uniq_crazy_yiuf_cottage
Temple:   jpeg_temple_alley_garden

Skill      XL: |  1  2  3  4  5  6  7  8  9 10 |
---------------+-------------------------------+-----
Conjurations   | 5 6 7 8 |  8.7
Fighting       | 1 2 3 4 5 |  5.0
Spellcasting   | 4 5 6 7 8 9 |  9.4
Armour         | 1 2 3 4 |  4.4
Stealth        | 3 4 |  4.8
Dodging        | 3 4 |  4.2
Evocations     | 1 |  1.6
Shields        | 1 2 |  2.1
Throwing       | 2 4 |  4.1

Action                   |  1- 3 |  4- 6 |  7- 9 | 10-12 || total
-------------------------+-------+-------+-------+-------++-------
Melee: Dagger            |     1 |     1 |     6 |       ||     8
       Short sword       |     1 |     1 |       |       ||     2
Throw: Javelin           |       |     2 |     2 |       ||     4
       Dart              |       |       |    21 |       ||    21
 Cast: Magic Dart        |    60 |    27 |    11 |     3 ||   101
       Searing Ray       |     3 |    10 |    58 |     5 ||    76
Evoke: Wand              |       |     6 |     4 |       ||    10
  Use: Potion            |       |     1 |     2 |       ||     3
       Scroll            |       |       |     8 |       ||     8
Armor: Leather armour    |     7 |     3 |     9 |       ||    19
       Scale mail        |       |       |     2 |       ||     2
Dodge: Dodged            |     7 |     2 |    21 |     3 ||    33
Block: Kite shield       |     3 |     4 |    25 |     3 ||    35
